AoeStats
← AdolfH

Arabia

503624847Analyzed
1v1 RM · 1mo ago on Sep 1, 2026· 38m 46s· 2 players
Game mode
Random Map
Map size
Tiny (2 player)
Population
200
Speed
Normal
Resources
Standard
Victory
Conquest
Starting age
Dark Age
Ending age
Imperial Age
RankedLock teamsTeams togetherTeam positionsShared explorationLock speedFull tech treeHidden civsTurbo modeCheats
Victory
Defeat
🇨🇱 Wu · Chile
658
+15
🇲🇽 Italians · Mexico
637
-30
AdolfH
0:33 Loom
10:33 Feudal Age
11:09 Double-Bit Axe
11:26 Horse Collar
17:29 Gold Mining
21:16 Wheelbarrow
23:04 Castle Age
23:15 Stone Mining
25:56 Heavy Plow
26:08 Bow Saw
36:15 Hand Cart
37:11 Fletching
38:04 Bodkin Arrow
38:50 Stone Shaft Mining
38:07 Town Watch
38:59 Murder Holes
39:25 Ballistics
38:48 Treadmill Crane
39:19 Masonry
Carrizuwu
12:52 Feudal Age
14:16 Double-Bit Axe
15:44 Man-at-Arms
15:50 Man-at-Arms
18:15 Arson
19:32 Forging
23:04 Arson
23:22 Scale Mail Armor
23:15 Fletching
32:50 Castle Age
32:14 Padded Archer Armor
33:12 Elite Skirmisher
34:58 Squires
36:48 Stone Mining
36:50 Gold Mining
Connection lost

Rejoining the realm…

Still unreachable

The connection could not be restored.

Session expired

The server has moved on; the page needs a fresh start.